 Dungeon Crawl Stone Soup version 0.21.1-1-g345015f (webtiles) character file.

53 Firos the Changer (level 3, 0/23 HPs)
             Began as an Octopode Transmuter on July 28, 2018.
             Succumbed to an adder's poison
             ... on level 2 of the Dungeon.
             The game lasted 00:02:27 (1509 turns).

Firos the Changer (Octopode Transmuter)             Turns: 1509, Time: 00:02:28

Health: 0/23       AC:  1    Str: 11    XL:     3   Next: 89%
Magic:  6/7        EV: 13    Int: 16    God:
Gold:   35         SH:  0    Dex: 14    Spells: 4/7 levels left

rFire    . . .     SeeInvis .     - Unarmed
rCold    . . .     Gourm    .   (no shield)
rNeg     . . .     Faith    .   (helmet restricted)
rPois    .         Spirit   .   (no amulet)
rElec    .         Reflect  .   e - ring of stealth
rCorr    .         Harm     .   (no ring)
MR       .....                  (no ring)
Stlth    +++.......             (no ring)
HPRegen  0.07/turn              (no ring)
MPRegen  0.10/turn              (no ring)
                                (no ring)
                                (no ring)

@: lethally poisoned (0 -> -9), appendage (expiring), berserk cooldown, slowed,
very slow
A: almost no armour, stealthy swim, amphibious, 8 rings, constrict 8, tentacle
spike 3, camouflage 1, agile 1, strong 1, gelatinous body 1, MP-powered wands
a: End Transformation


You were on level 2 of the Dungeon.
You were not hungry.
One of your tentacles had a temporary spike.
You visited 1 branch of the dungeon, and saw 2 of its levels.

You collected 35 gold pieces.

Inventory:

Missiles
 a - 12 arrows
Jewellery
 e - a ring of stealth (left tentacle)
Scrolls
 h - a scroll of identify
Books
 b - a book of Changes

   Spells                             Type                      Level
   a - Beastly Appendage              Transmutation                1
   b - Sticks to Snakes               Transmutation                2
   c - Spider Form                    Transmutation/Poison         3
   d - Ice Form                       Ice/Transmutation            4
   e - Blade Hands                    Transmutation                5
Comestibles
 c - 4 rations


   Skills:
 - Level 1.0 Fighting
 - Level 2.0 Dodging
 - Level 3.0 Unarmed Combat
 + Level 2.6 Spellcasting
 * Level 3.5 Transmutations


You had 4 spell levels left.
You knew the following spells:

 Your Spells              Type           Power        Failure   Level  Hunger
a - Beastly Appendage     Tmut           ##....       4%          1    #......
b - Sticks to Snakes      Tmut           ##......     7%          2    ##.....


Dungeon Overview and Level Annotations

Branches:
Dungeon (2/15)

Altars:


Innate Abilities, Weirdness & Mutations

You cannot wear most types of armour.
You are very stealthy in the water. (Stealth+)
You are amphibious.
You can wear up to eight rings at the same time.
You can use your tentacles to constrict eight enemies at once.
Your skin changes colour to match your surroundings (Stealth+).
Your rubbery body absorbs attacks. (AC +1, EV +1)
One of your tentacles bears a large vicious spike.
You are agile. (Dex +2)
Your muscles are strong. (Str +2)
You expend magic power (3 MP) to strengthen your wands.


Message History

It was a potion of mutation.
You feel extremely strange.
You feel agile.
You feel your magical essence link to your wands.
You feel stronger.
* * * LOW HITPOINT WARNING * * *
You feel sick.
A red film seems to cover your vision as you go berserk!
You feel yourself moving faster!
You feel mighty!
* * * LOW HITPOINT WARNING * * *
You feel sick.
You feel a strong urge to attack something.
* * * LOW HITPOINT WARNING * * *
You feel sick.
You feel your anger nearly subside.
Your transformation is almost over.
You are no longer berserk.
You are exhausted.
You feel yourself slow down.
* * * LOW HITPOINT WARNING * * *
You feel sick.
You die...

#.... #..#
#....### ##.#
#....'.# ######'##
#....#.#
#......รท.
#....#.# #........
#....#.# #........
#.####.# #........
#. #.# ########. #
#@# #. #.# ## #.#
# #.# # #.# #.#
####### #.#
....... #.#
#######
#.################


There were no monsters in sight!

Vanquished Creatures
  3 adders (D:2)
  A leopard gecko (D:1)
  3 giant cockroaches (D:1)
  3 goblins (D:1)
  A hobgoblin (D:1)
  2 jackals (D:2)
  4 kobolds (D:1)
  A quokka (D:2)
  4 bats (D:1)
  2 frilled lizards
  A rat (D:2)
25 creatures vanquished.

Notes
Turn   | Place    | Note
-------+----------+-------------------------------------------
     0 | D:1      | Firos the Octopode Transmuter began the quest for the Orb.
     0 | D:1      | Reached XP level 1. HP: 13/13 MP: 3/3
    86 | D:1      | Reached XP level 2. HP: 11/18 MP: 5/5
    90 | D:1      | Learned a level 2 spell: Sticks to Snakes
   964 | D:2      | Reached XP level 3. HP: 14/23 MP: 3/6
  1502 | D:2      | Gained mutation: You are agile. (Dex +2) [potion of mutation]
  1502 | D:2      | Gained mutation: You expend magic power (3 MP) to strengthen your wands. [potion of mutation]
  1502 | D:2      | Gained mutation: Your muscles are strong. (Str +2) [potion of mutation]
  1508 | D:2      | HP: 1/23 [poisoned by an adder]
  1509 | D:2      | Succumbed to an adder's poison

Skill      XL: |  1  2 |
---------------+-------+-----
Transmutations | 3 |  3.5
Fighting       | |  1.0
Dodging        | |  2.0
Unarmed Combat | |  3.0
Spellcasting   | |  2.6

Action                   || total
-------------------------++-------
Melee: Unarmed           ||    69
       Constrict         ||    12
       Tentacles         ||     9
       Punch             ||     2
       Kick              ||     3
 Cast: Beastly Appendage ||     5
  Use: Scroll            ||     4
       Potion            ||     2
 Stab: Sleeping          ||     7
  Eat: Chunk             ||     2
Armor: Skin              ||     9
Dodge: Dodged            ||    40
